 Dungeon Crawl Stone Soup version 0.28-a0-1117-g0bdd5ba030 (webtiles) character file.

Game seed: 3958151479864135660

86 fragbeetle the Insei (level 4, -1/33 HPs)
             Began as a Merfolk Transmuter on Dec 12, 2021.
             Slain by an orc (10 damage)
             ... on level 3 of the Dungeon.
             The game lasted 00:06:00 (2830 turns).

fragbeetle the Insei (Merfolk Transmuter)           Turns: 2830, Time: 00:06:01

Health: -1/33      AC:  3    Str: 12    XL:     4   Next: 50%
Magic:  6/7        EV: 13    Int: 12    God:
Gold:   113        SH:  0    Dex: 14    Spells: 6/7 levels left

rFire   + . .      SeeInvis .     - Unarmed
rCold   . . .      Faith    .   (no shield)
rNeg    . . .      Spirit   .   a - +0 robe
rPois   .          Reflect  .   (helmet currently unavailable)
rElec   .          Harm     .   f - +0 cloak
rCorr   .          Rampage  .   (no gloves)
Will    .....                   (boots currently unavailable)
Stlth   ++........              h - amulet of the acrobat
HPRegen 0.11/turn               k - ring of protection from fire
MPRegen 0.10/turn               m - +4 ring of slaying

@: appendages (expiring)
A: horns 2, (nimble swimmer 2), mertail
a: End Transformation


You were on level 3 of the Dungeon.
You had temporarily grown beastly horns.
You visited 1 branch of the dungeon, and saw 3 of its levels.

You collected 113 gold pieces.

Inventory:

Missiles
 e - 41 stones
Armour
 a - a +0 robe (worn)
 f - a +0 cloak (worn)
Jewellery
 h - an amulet of the acrobat (around neck)
 k - a ring of protection from fire (left hand)
 m - a +4 ring of slaying (right hand)
Scrolls
 b - 3 scrolls of identify {unknown}
 d - a scroll of fear {unknown}
 g - 2 scrolls of teleportation {unknown}
 l - 2 scrolls of magic mapping {unknown}
Potions
 c - a potion of curing {unknown}
 i - a potion of haste {unknown}
 j - a potion of attraction {unknown}


   Skills:
 * Level 2.1 Fighting
 + Level 3.0 Dodging
 + Level 0.9 Stealth
 + Level 4.0 Unarmed Combat
 + Level 2.4 Spellcasting
 * Level 3.8 Transmutations


You had 6 spell levels left.
You knew the following spells:

 Your Spells              Type           Power      Damage    Failure   Level
a - Beastly Appendage     Tmut           20%        N/A       5%          1

Your spell library contained the following spells:

 Spells                   Type           Power      Damage    Failure   Level
 Wereblood                Tmut           10%        N/A       8%          2
 Spider Form              Tmut/Pois      6%         N/A       34%         3
 Ensorcelled Hibernation  Hex/Ice        2%         N/A       36%         2
 Portal Projectile        Hex/Tloc       2%         N/A       61%         3
 Tukima's Dance           Hex            1%         N/A       61%         3
 Ice Form                 Ice/Tmut       6%         N/A       75%         4
 Summon Forest            Summ/Tloc      0%         N/A       100%        5
 Polar Vortex             Ice            0%         N/A       100%        9


Dungeon Overview and Level Annotations

Branches:
Dungeon (3/15)

Altars:

Shops:
D:2 (

Annotations:
D:1 glassdig


Innate Abilities, Weirdness & Mutations

You have temporarily grown beastly horns.
((You are quick and stealthy near water. (Stealth+, EV+, Speed+++)))
Your lower body shifts to a powerful aquatic tail in water.


Message History

You closely miss the ball python.
The ball python bites you but does no damage.
The ball python barely misses you.
You punch the ball python!
You kill the ball python!
You hit the orc wizard.
The orc wizard is lightly wounded.
The orc wizard closely misses you.
You punch the orc wizard! You headbutt the orc wizard.
The orc wizard is almost dead.
The orc wizard hits you with a +0 dagger.
You hit the orc wizard.
You kill the orc wizard!
Your Fighting skill increases to level 2!
Your Dodging skill increases to level 3!
Your Unarmed Combat skill increases to level 4!
You hit the orc. You headbutt the orc.
The orc is almost dead.
Your horns disappear.
The orc hits you with a +0 whip.
You barely miss the orc.
The orc is almost dead.
The orc hits you with a +0 whip.
You hit the orc.
You kill the orc!
You barely miss the orc.
The orc hits you with a +0 morningstar of protection.
You hit the orc but do no damage. You punch the orc, but do no damage.
The orc hits you with a +0 morningstar of protection!
* * * LOW HITPOINT WARNING * * *
You barely miss the orc. The orc closely misses you.
Casting: Beastly Appendage (safe; 5% risk of failure)
Confirm with . or Enter, or press ? or * to list all spells.
You grow a pair of large bovine horns.
The orc closely misses you.
You closely miss the orc. The orc barely misses you.
You barely miss the orc. The orc closely misses you.
You closely miss the orc.
Your transformation is almost over.
The orc hits you with a +0 morningstar of protection!
You die...

...b.o.......
#......# ####
###$..# #.. #(†.#.#
#.# ###>###.# ##.#
#>###...# #.# ...#
#.......###.# ####
#####o#..##.#
###@##.##.######
#.<.##.........#
#...##########.#
###<..# #.#
#####.....# #.#
##.....###.# #.###
######..##### #.#
#...### ##......##
##.### ###....
...######
#..#.##############


You could see an orc.

Vanquished Creatures
  An orc wizard (D:3)
  A worm (D:2)
  A dart slug (D:2)
  5 orcs
  3 endoplasms
  2 giant cockroaches (D:1)
  3 goblins
  4 hobgoblins
  8 jackals
  A quokka (D:1)
  5 ball pythons
  6 bats
  4 frilled lizards
  6 rats
50 creatures vanquished.

Notes
Turn   | Place    | Note
-------+----------+-------------------------------------------
     0 | D:1      | fragbeetle the Merfolk Transmuter began the quest for the
                  | Orb.
     0 | D:1      | Reached XP level 1. HP: 15/15 MP: 3/3
    56 | D:1      | Found a faded altar of an unknown god.
   293 | D:1      | Reached XP level 2. HP: 21/21 MP: 3/5
  1083 | D:2      | Got the Almanac of the Displaced Snowflakes
  1301 | D:2      | Reached XP level 3. HP: 26/26 MP: 4/6
  1347 | D:2      | Found Ceugoxero's Antique Weapon Boutique.
  2624 | D:2      | Reached XP level 4. HP: 12/33 MP: 7/7
  2821 | D:3      | Reached skill level 4 in Unarmed Combat
  2830 | D:3      | Slain by an orc

Illustrated notes

Levels and vault maps discovered:
D:1:      matt_arrival_refuge, layout_loops_ring, serial_glass, glass_columns_a,
          glass_columns_a, glass_columns_a, glass_columns_b,
          due_unseen_surprise, shapermc_ecumenical_altar_starsandcircs,
          minmay_shallow_snake_nest
D:2:      layout_basic, serial_shops, shop
D:3:      layout_rooms, serial_shops, shop

Skill      XL: |  1  2  3  4 |
---------------+-------------+-----
Transmutations | 3 |  3.8
Fighting       | 2 |  2.1
Dodging        | 3 |  3.0
Unarmed Combat | 4 |  4.0
Stealth        | |  0.9
Spellcasting   | |  2.4

Action                   |  1- 3 |  4- 6 || total
-------------------------+-------+-------++-------
Melee: Unarmed           |   142 |    15 ||   157
       Headbutt          |    22 |     2 ||    24
       Punch             |     1 |     1 ||     2
 Cast: Beastly Appendage |    31 |     2 ||    33
Armor: Robe              |    24 |     1 ||    25
Dodge: Dodged            |    84 |    11 ||    95

Table legend: (Time is in decaauts)
 A = Elapsed time spent in this place.
 B = Non-inter-level travel time spent in this place.
 C = Inter-level travel time spent in this place.
 D = Time resting spent in this place.
 E = Time spent auto-exploring this place.
 F = Levels seen in this place.
 G = Mean time per level.
                   A        B        C        D        E       F      G
               +--------+--------+--------+--------+--------+-----+--------+
         Total |   2819 |   2799 |     20 |    668 |   1513 |   3 |  939.7 |
       Dungeon |   2819 |   2799 |     20 |    668 |   1513 |   3 |  939.7 |
               +--------+--------+--------+--------+--------+-----+--------+

Top non-repeatable levels by time:
     D:2: 1475 daAuts
     D:1: 1076 daAuts
     D:3: 267 daAuts
